 Dungeon Crawl Stone Soup version 0.26.1-11-gd32895ea62 (webtiles) character file.

Game seed: 18164529591060492663

6129 MisterFreud the Grappler (level 10, -2/96 HPs)
             Began as a Troll Monk on May 11, 2021.
             Killed from afar by an oklob plant (6 damage)
             ... with a splash of acid
             ... on level 9 of the Dungeon.
             The game lasted 00:09:48 (8460 turns).

MisterFreud the Grappler (Troll Monk)               Turns: 8460, Time: 00:09:48

Health: -2/96      AC:  2    Str: 21    XL:     10   Next: 59%
Magic:  9/9        EV: 12    Int:  6    God:
Gold:   689        SH:  0    Dex: 15    Spells: 9/9 levels left

rFire    + . .     SeeInvis +     - Unarmed
rCold    . . .     Faith    .   (no shield)
rNeg     . . .     Spirit   .   u - +2 robe {rF+}
rPois    .         Reflect  .   (helmet restricted)
rElec    .         Harm     .   w - +1 cloak
rCorr    .         Rampage  .   (gloves unavailable)
Will     .....                  (boots unavailable)
Stlth    ++........             t - amulet of magic regeneration
HPRegen  0.66/turn              y - ring of the Blind Eye {Slay+3 SInv}
MPRegen  0.36/turn              r - +4 ring of protection

@: corroded
A: large, unfitting armour, claws 3, regeneration 1, shaggy fur 1, tough skin 3
a: no special abilities


You were on level 9 of the Dungeon.
You visited 3 branches of the dungeon, and saw 11 of its levels.

You collected 689 gold pieces.

Inventory:

Missiles
 n - 12 boomerangs (quivered)
 p - 13 javelins
 q - 3 throwing nets
 z - 5 silver boomerangs
Armour
 u - a +2 robe of fire resistance (worn)
 w - a +1 cloak (worn)
 B - a scarf of resistance
Jewellery
 r - a +4 ring of protection (right claw)
 s - an uncursed ring of flight
 t - an amulet of magic regeneration (around neck)
 y - the ring of the Blind Eye (left claw) {Slay+3 SInv}
   (You found it on level 7 of the Dungeon)

   [ring of see invisible]

   It affects your accuracy and damage with ranged weapons and melee attacks
   (+3).
   It lets you see invisible.
Wands
 e - a wand of flame (13)
 x - a wand of paralysis (6)
 D - a wand of random effects (21)
Scrolls
 a - 2 scrolls of enchant armour {unknown}
 b - 5 scrolls of teleportation
 c - 8 scrolls of identify
 g - 2 scrolls of fear
 j - 2 scrolls of random uselessness {unknown}
 k - 2 scrolls of remove curse
 m - 4 scrolls of immolation {unknown}
 C - a scroll of blinking {unknown}
 E - a scroll of magic mapping {unknown}
Potions
 d - 4 potions of curing
 f - 3 potions of lignification
 h - 3 potions of haste
 i - a potion of berserk rage
 l - 2 potions of might
 o - 2 potions of heal wounds
 v - 5 potions of brilliance {unknown}
 A - a potion of resistance {unknown}


   Skills:
 - Level 5.0 Fighting
 - Level 8.0 Throwing
 - Level 5.0 Dodging
 - Level 1.0 Stealth
 + Level 11.5 Unarmed Combat


You had 9 spell levels left.
You didn't know any spells.
Your spell library contained the following spells:

 Spells                   Type           Power        Failure   Level
 Corona                   Hex            0%           45%         1
 Sandblast                Erth           0%           45%         1
 Ensorcelled Hibernation  Hex/Ice        0%           58%         2
 Passwall                 Tmut/Erth      0%           58%         2
 Confusing Touch          Hex            0%           83%         3
 Dazzling Flash           Conj/Hex       0%           83%         3
 Stone Arrow              Conj/Erth      0%           83%         3
 Tukima's Dance           Hex            0%           83%         3
 Petrify                  Tmut/Erth      0%           99%         4
 Lee's Rapid Deconstruct  Erth           0%           100%        5


Dungeon Overview and Level Annotations

Branches:
Dungeon (9/15)             Temple (1/1) D:5            Lair (1/6) D:8
    Orc: D:9-12

Altars:
Ashenzari
Cheibriados
Elyvilon
Fedhas
Gozag
Kikubaaqudgha
Nemelex Xobeh
Trog
Wu Jian
Yredelemnul
Zin
The Shining One

Annotations:
D:9 exclusion: 3 oklob plants


Innate Abilities, Weirdness & Mutations

You are too large for most types of armour.
You have claws for hands.
Your natural rate of healing is unusually fast.
You are covered in fur. (AC +1)
You have extremely tough skin. (AC +3)


Message History

The splash of acid hits you but does no damage.
The acid corrodes you!
You are splashed with acid!
Marking area around an oklob plant as unsafe for travelling.
Found a scroll labelled FISTAPL USTID and 13 sling bullets.
Found a potion of curing.
The oklob plant spits acid at you. The splash of acid hits you!
The acid corrodes you!
You are splashed with acid!
The oklob plant spits acid at you. The splash of acid hits you!
The acid corrodes you!
You are splashed with acid!
The oklob plant spits acid at you. The splash of acid hits you.
You are splashed with acid!
Found a runed broad axe.
The oklob plant spits acid at you. The splash of acid hits you!
* * * LOW HITPOINT WARNING * * *
You are splashed with acid!
* * * LOW HITPOINT WARNING * * *
The oklob plant spits acid at you. The splash of acid hits you.
You die...

#........PP.......... #........
#...$..PP[PP.........#..'........
#.....PP>.PPP...)....####........
#.....P(.P..PP.......# #.......>
#.....PPP(P.P...!....# #........
#.......PPPPP........# #........
#.......P............# #........
#....................#
#..............@#
#..............##
##..?........### ##....#######
######


You could see 2 oklob plants.

Vanquished Creatures
  A boulder beetle (D:8)
  A centaur warrior (D:8)
  A troll (D:8)
  Sigmund (D:4)
  A wyvern (D:8)
  A steam dragon (D:8)
  A floating eye (D:9)
  2 water moccasins (D:5)
  Duvessa (D:5)
  3 orc warriors
  2 black bears (D:8)
  An ice beast (D:6)
  2 sky beasts (D:8)
  A necrophage (D:4)
  2 phantoms
  2 ogres
  2 centaurs
  6 bullfrogs
  Dowan (D:5)
  3 scorpions
  10 wights
  3 howler monkeys (D:9)
  A bullfrog zombie (D:7)
  2 jellies
  A gnoll shaman (D:8)
  2 orc priests
  3 bullfrog skeletons
  3 hounds
  5 orc wizards
  3 iguanas
  Jessica (D:2)
  4 centaur skeletons
  Natasha (thrice) (D:2)
  6 worker ants
  A hound skeleton (D:4)
  15 gnolls
  9 adders
  A shadow imp (D:6)
  A white imp (D:6)
  An ufetubus (D:7)
  2 oozes (D:1)
  3 adder zombies
  An adder skeleton (D:8)
  A worm (D:3)
  2 dart slugs
  3 leopard geckos
  24 orcs
  A ball python (D:2)
  5 giant cockroaches
  12 goblins
  5 hobgoblins
  4 jackals
  15 kobolds
  2 quokkas
  5 bats
  6 frilled lizards
  A jackal skeleton (D:4)
  2 quokka skeletons
  3 rats
207 creatures vanquished.

Vanquished Creatures (others)
  An orc wizard (D:4)
1 creature vanquished.

Grand Total: 208 creatures vanquished

Notes
Turn   | Place    | Note
-------+----------+-------------------------------------------
     0 | D:1      | MisterFreud the Troll Monk began the quest for the Orb.
     0 | D:1      | Reached XP level 1. HP: 22/22 MP: 0/0
   158 | D:1      | Reached XP level 2. HP: 24/29 MP: 1/1
   321 | D:1      | Reached skill level 4 in Unarmed Combat
   600 | D:2      | Noticed Jessica
   611 | D:2      | Killed Jessica
   612 | D:2      | Reached XP level 3. HP: 36/36 MP: 2/2
   900 | D:2      | Found a white marble altar of Elyvilon.
  1082 | D:2      | Noticed Natasha
  1086 | D:2      | Killed Natasha
  1087 | D:2      | Reached skill level 5 in Unarmed Combat
  1087 | D:2      | Reached XP level 4. HP: 40/44 MP: 3/3
  1130 | D:2      | Noticed Natasha
  1143 | D:2      | Killed Natasha
  1149 | D:2      | Noticed Natasha
  1152 | D:2      | Killed Natasha
  1153 | D:2      | Reached XP level 5. HP: 31/50 MP: 4/4
  1385 | D:3      | Reached skill level 6 in Unarmed Combat
  1823 | D:3      | Found a bloodstained altar of Trog.
  2439 | D:4      | Reached skill level 1 in Throwing
  2439 | D:4      | Reached XP level 6. HP: 55/59 MP: 5/5
  2461 | D:4      | Reached skill level 7 in Unarmed Combat
  2577 | D:4      | Found a glowing silver altar of Zin.
  2621 | D:4      | Found a blossoming altar of Fedhas.
  2755 | D:4      | Reached XP level 7. HP: 62/66 MP: 6/6
  2973 | D:4      | Reached skill level 8 in Unarmed Combat
  3193 | D:4      | Found a snail-covered altar of Cheibriados.
  3193 | D:4      | Found a sparkling altar of Nemelex Xobeh.
  3416 | D:4      | Noticed Sigmund
  3426 | D:4      | Killed Sigmund
  3427 | D:4      | Reached XP level 8. HP: 69/75 MP: 7/7
  3485 | D:4      | Found a broken altar of Ashenzari.
  3485 | D:4      | Found a glowing golden altar of the Shining One.
  3579 | D:5      | Entered Level 5 of the Dungeon
  3927 | D:5      | Found a staircase to the Ecumenical Temple.
  3955 | D:5      | Noticed Dowan
  3956 | D:5      | Noticed Duvessa
  3968 | D:5      | Killed Duvessa
  3975 | D:5      | Killed Dowan
  4014 | Temple   | Entered the Ecumenical Temple
  4556 | D:6      | Reached skill level 5 in Fighting
  4556 | D:6      | Reached skill level 5 in Dodging
  4583 | D:6      | Reached XP level 9. HP: 88/88 MP: 8/8
  4971 | D:6      | Reached skill level 5 in Throwing
  6012 | D:7      | Reached skill level 9 in Unarmed Combat
  6085 | D:7      | Got a serpentine silver ring
  6721 | D:8      | Found a staircase to the Lair.
  6749 | D:8      | Noticed a boulder beetle
  6750 | D:8      | Noticed a troll
  6750 | D:8      | Noticed a centaur warrior
  6774 | D:8      | Killed a centaur warrior
  6775 | D:8      | Reached skill level 10 in Unarmed Combat
  6775 | D:8      | Reached XP level 10. HP: 21/96 MP: 9/9
  7367 | D:8      | Killed a boulder beetle
  7531 | D:8      | Identified the ring of the Blind Eye {Slay+3 SInv} (You
                  | found it on level 7 of the Dungeon)
  7711 | D:8      | Reached skill level 11 in Unarmed Combat
  7959 | D:8      | Found an ancient bone altar of Kikubaaqudgha.
  8059 | Lair:1   | Entered Level 1 of the Lair of Beasts
  8106 | D:9      | Paralysed by a floating eye for 2 turns
  8277 | D:9      | Noticed an oklob plant
  8278 | D:9      | Noticed an oklob plant
  8452 | D:9      | Noticed an oklob plant
  8459 | D:9      | HP: 3/96 [acid (15)]
  8460 | D:9      | Killed from afar by an oklob plant

Illustrated notes

Levels and vault maps discovered:
D:1:      shiori_shiawase, layout_loops_ring, patterned_corridor
D:2:      layout_loops_ring, nicolae_overflow_hidden_temple, minivault_19,
          nrook_uturn, uniq_natasha, uniq_jessica
D:3:      minmay_razor_zed, layout_loops_ring, trog_butcher_becter
D:4:      minmay_clustersquares, layout_loops_ring, old_standard_altar,
          gammafunk_temple_overflow_statue, gammafunk_temple_overflow_elements,
          fedhas_altar_2, uniq_sigmund
D:5:      layout_basic, minmay_temple_entry_butterflies,
          minmay_misc_feat_encased, kennysheep_pointless_box,
          minmay_misc_feat_x, uniq_duvessa
D:6:      layout_layer_cave
D:7:      layout_loops_ring
D:8:      minmay_the_grid_plus_closed [minmay_the_grid_holed_spiral,
          minmay_the_grid_gridbox, minmay_the_grid_x, minmay_the_grid_dragon_b,
          minmay_the_grid_prize_big_room], layout_layer_cave,
          lemuel_coloured_pillars_altar
D:9:      layout_roguey, lemuel_round_altar, tgw_xom, disabler_island
Temple:   oiseaux_autumnal_temple
Lair:1:   layout_cave_pods, minivault_27, uniq_erica

Skill      XL: |  1  2  3  4  5  6  7  8  9 10 |
---------------+-------------------------------+-----
Unarmed Combat | 4 5 6 7 8 10 11 | 11.5
Throwing       | 1 2 4 7 8 |  8.0
Fighting       | 3 5 |  5.0
Dodging        | 3 5 |  5.0
Stealth        | |  1.0

Action                   |  1- 3 |  4- 6 |  7- 9 | 10-12 || total
-------------------------+-------+-------+-------+-------++-------
Melee: Unarmed           |    65 |   149 |   307 |   108 ||   629
       Punch             |     2 |     8 |    13 |     8 ||    31
Evoke: Wand              |       |       |       |     2 ||     2
  Use: Scroll            |       |       |    10 |     1 ||    11
       Potion            |       |       |       |     2 ||     2
 Stab: Sleeping          |     2 |     1 |     2 |     3 ||     8
Armor: Robe              |    30 |    36 |    80 |    31 ||   177
Dodge: Dodged            |    29 |    73 |   149 |    42 ||   293
